 Dungeon Crawl Stone Soup version 0.26.1-2-gb8aa6d0cf2 (webtiles) character file.

Game seed: 7401364882449330527

6207 MalarOregon the Carver (level 11, -10/64 HPs)
             Began as a Halfling Hunter on Mar 28, 2021.
             Was a Believer of Hepliaklqana.
             Killed from afar by an efreet (21 damage)
             ... with a bolt of fire
             ... on level 8 of the Dungeon.
             The game lasted 00:24:03 (10157 turns).

MalarOregon the Carver (Halfling Hunter)           Turns: 10157, Time: 00:24:04

Health: -10/64     AC: 18    Str: 16    XL:     11   Next: 14%
Magic:  11/11      EV: 18    Int:  9    God:    Hepliaklqana [**....]
Gold:   571        SH:  6    Dex: 16    Spells: 10/10 levels left

rFire    . . .     SeeInvis .   a - +1 long sword
rCold    . . .     Faith    .   m - +0 buckler
rNeg     . . .     Spirit   .   r - +0 swamp dragon scales
rPois    +         Reflect  .   q - +0 helmet
rElec    .         Harm     .   (no cloak)
rCorr    .         Rampage  .   E - +0 pair of gloves
Will     .....                  A - +1 pair of boots
Stlth    +.........             e - amulet of regeneration
HPRegen  0.60/turn              b - +4 ring of protection
MPRegen  0.12/turn              (no ring)

@: no status effects
A: small, reduced essence, mutation resistance 1
a: Renounce Religion, Recall Ancestor, Ancestor Identity


You were on level 8 of the Dungeon.
You worshipped Hepliaklqana.
Hepliaklqana was pleased with you.
You visited 2 branches of the dungeon, and saw 9 of its levels.
You also visited: Sewer, Ossuary and Bailey.

You collected 571 gold pieces.

Inventory:

Hand Weapons
 a - a +1 long sword (weapon)
   (You found it on level 3 of the Dungeon)
Missiles
 o - 78 boomerangs (quivered)
 G - 228 stones
 J - 2 throwing nets {!f}
Armour
 m - a +0 buckler (worn)
   (You found it on level 1 of the Dungeon)
 q - a +0 helmet (worn)
   (You took it off Robin on level 2 of the Dungeon)
 r - +0 swamp dragon scales (worn)
   (You took it off Maggie on level 5 of the Dungeon)
 A - a +1 pair of boots (worn)
   (You found it on level 5 of the Dungeon)
 E - a +0 pair of gloves (worn)
   (You found it in an ossuary)
Jewellery
 b - a +4 ring of protection (left hand)
   (You found it on level 4 of the Dungeon)
 e - an amulet of regeneration (around neck)
   (You found it on level 6 of the Dungeon)
 L - an uncursed ring of resist corrosion {unknown}
   (You found it on level 7 of the Dungeon)
Wands
 c - a wand of polymorph (11)
   (You took it off Ijyb on level 4 of the Dungeon)
 t - a wand of flame (8)
   (You found it on level 7 of the Dungeon)
 u - a wand of paralysis (9)
   (You found it on level 7 of the Dungeon)
 v - a wand of digging (3)
   (You found it on level 6 of the Dungeon)
Scrolls
 h - 4 scrolls of amnesia {unknown}
 j - 6 scrolls of remove curse {@r2}
 l - a scroll of acquirement {unknown}
 s - a scroll of random uselessness
 y - 2 scrolls of identify {@r1}
 z - 2 scrolls of magic mapping
 B - 3 scrolls of blinking
 D - a scroll of teleportation {@r4}
Potions
 f - a potion of cancellation
 g - 3 potions of lignification {!q}
 i - 6 potions of magic {unknown}
 k - 6 potions of might
 n - 5 potions of mutation {!q}
 p - 4 potions of heal wounds {@q2}
 w - 3 potions of haste {@q3}
 x - a potion of flight
 F - 2 potions of brilliance {unknown}
 I - 4 potions of berserk rage {unknown}
 K - 6 potions of curing {@q1}
 M - a potion of invisibility {unknown}


   Skills:
 + Level 6.0 Fighting
 * Level 8.4 Long Blades
 + Level 7.6 Throwing
 + Level 6.8 Armour
 + Level 7.2 Dodging
 - Level 1.1 Stealth
 - Level 5.6 Shields


You had 10 spell levels left.
You didn't know any spells.
Your spell library contained the following spells:

 Spells                   Type           Power        Failure   Level
 Animate Skeleton         Necr           0%           56%         1
 Pain                     Necr           0%           56%         1
 Confusing Touch          Hex            0%           91%         3
 Gell's Gravitas          Tloc           0%           91%         3
 Vampiric Draining        Necr           0%           91%         3
 Animate Dead             Necr           0%           100%        4
 Petrify                  Tmut/Erth      0%           100%        4
 Agony                    Necr           0%           100%        5
 Bolt of Magma            Conj/Fire/Erth 0%           100%        5
 Iskenderun's Battlesphe  Conj           0%           100%        5
 Metabolic Englaciation   Hex/Ice        0%           100%        5
 Yara's Violent Unravell  Hex/Tmut       0%           100%        5
 Iron Shot                Conj/Erth      0%           100%        6
 Orb of Destruction       Conj           0%           100%        7
 Spellforged Servitor     Conj/Summ      0%           100%        7


Dungeon Overview and Level Annotations

Branches:
Dungeon (8/15)             Temple (1/1) D:5           Sewer (visited)
Ossuary (visited)          Bailey (visited)
   Lair: D:8-11

Altars:
Ashenzari
Cheibriados
Dithmenos
Elyvilon
Fedhas
Gozag
Hepliaklqana
Kikubaaqudgha
Makhleb
Nemelex Xobeh
Okawaru
Qazlal
Ru
Sif Muna
Trog
Uskayaw
Vehumet
Wu Jian
Xom
Yredelemnul
Zin
The Shining One

Annotations:
D:4 1 runed translucent door, Crazy Yiuf


Innate Abilities, Weirdness & Mutations

You are small and have problems with some larger weapons.
You are somewhat resistant to further mutation.
Your life essence is reduced to manifest your ancestor. (-10% HP)


Message History

The howler monkey hits Paullus.
Paullus gestures at the howler monkey while chanting.
The stone arrow misses the howler monkey.
The stone arrow hits the howler monkey!
The howler monkey dies!
The howler monkey hits Paullus but does no damage.
Paullus gestures at the howler monkey while chanting.
The puff of frost hits the howler monkey!
The howler monkey dies!
The efreet gestures at you.
The bolt of fire hits the adder!!
The adder dies!
The bolt of fire hits Paullus!
Paullus resists.
The bolt of fire hits you.
* * * LOW HITPOINT WARNING * * *
A yak comes into view.
The efreet gestures at you.
The bolt of fire hits Paullus!
Paullus resists.
The bolt of fire hits you but does no damage.
The yak gores Paullus!
Paullus hits the yak with a +0 quarterstaff!!
The efreet hits Paullus with a +2 scimitar of flaming!
The efreet burns Paullus.
Paullus is destroyed!
You hear an angry hiss.
You see here an arrow.
Throw: 78 boomerangs
Aim: an efreet, wielding a +2 scimitar of flaming (82% to hit)
You throw a boomerang. The boomerang hits the yak!
Aim: an efreet, wielding a +2 scimitar of flaming The mass of ice explodes!
The iceblast engulfs the yak!
You kill the yak!
The iceblast engulfs the efreet!
The efreet is frozen!
You hear an angry hiss.
Aim: an efreet, wielding a +2 scimitar of flaming (moderately wounded)
The mass of ice explodes!
The iceblast engulfs the efreet!
The efreet is frozen!
You hear an angry hiss.
A necrophage comes into view.
The efreet gestures at you. The bolt of fire hits you!
* * * LOW HITPOINT WARNING * * *
Aim: an efreet, wielding a +2 scimitar of flaming (severely wounded)
The mass of ice explodes!
The iceblast engulfs the efreet!
The efreet is frozen!
The now-empty wand crumbles to dust.
The efreet gestures at you. The bolt of fire hits you!!
You die...

*****,*****,**,***,,,*,,*≈***,,,,
**,**,**,*#.#*,***,,,**,,≈* *****
**,,,,,,,,..F,,*********,≈**
**,**,**,*#c#*,*****####.≈.#
**,**,***##.#**########..≈.#
****,,,***...* #)...###..≈.#
********,*#.#####.#####..≈.#
*******#.##n##(##.##.##..≈.#
*******#...○○R..@.(..##..≈)#
**,,,**#)##.##(##.##)####≈.#
,,,*******#R#####.##.####)#*
,,********$°°,*#...######)# #####
,** *****########.#######≈###....
,* ********#.##.##.####≈≈≈≈≈)≈≈
,* *******#...†..).'.#R.....)# **
******#.##.##.##......#.##
***####.#######....###


You could see an efreet and a necrophage.

Vanquished Creatures
  An orc knight (Bailey)
  Maggie (D:5)
  A slime creature (D:8)
  A yak (D:8)
  A basilisk (D:8)
  3 ice beasts
  An orc warrior (D:6)
  3 ogres
  2 phantoms
  A centaur (D:8)
  A big kobold (Sewer)
  A wyvern zombie (D:7)
  A bullfrog (D:4)
  An elf zombie (Ossuary)
  A gnoll sergeant (D:8)
  2 scorpions (D:8)
  4 killer bees
  2 wights
  2 howler monkeys (D:4)
  2 electric eels (D:7)
  4 hounds
  2 bullfrog skeletons
  A gnoll shaman (D:4)
  2 orc priests
  6 orc wizards
  Ijyb (D:4)
  2 iguanas
  Natasha (thrice) (D:3)
  2 worker ants (D:4)
  A hound zombie (Ossuary)
  2 hound skeletons
  A mummy (Ossuary)
  Robin (D:2)
  11 adders
  25 gnolls
  3 river rats
  A shadow imp (D:7)
  A white imp (D:6)
  An ufetubus (D:6)
  An adder skeleton (D:6)
  3 worms
  2 dart slugs (D:1)
  4 leopard geckos
  25 orcs
  11 bats
  A bat zombie (D:7)
  6 giant cockroaches
  A gnoll zombie (Ossuary)
  19 goblins
  16 hobgoblins
  13 jackals
  2 quokkas
  6 frilled lizards
  3 goblin zombies (Ossuary)
  A hobgoblin zombie (Ossuary)
  17 kobolds
  An orc zombie (Ossuary)
  2 quokka zombies (D:6)
  10 rats
  3 rat zombies (D:7)
249 creatures vanquished.

Vanquished Creatures (collateral kills)
  2 centaur warriors (D:8)
  A phantom (D:6)
  2 bullfrogs (D:8)
  A scorpion (D:8)
  2 wights (D:7)
  A killer bee (D:8)
  2 howler monkeys (D:8)
  An electric eel (D:7)
  2 bullfrog skeletons
  A hound (D:8)
  2 centaur skeletons (D:7)
  A hound zombie (Ossuary)
  3 mummies (Ossuary)
  A worker ant zombie (D:8)
  An adder (D:7)
  5 gnolls
  A leopard gecko (D:7)
  2 orcs
  3 hobgoblins (Bailey)
  A kobold (Bailey)
  2 quokkas
  2 goblin zombies (Ossuary)
  A jackal zombie (Ossuary)
40 creatures vanquished.

Vanquished Creatures (others)
  3 battlemagi
  3 ancestors
  An adder (D:8)
  46 plants (D:7)
53 creatures vanquished.

Grand Total: 342 creatures vanquished

Notes
Turn   | Place    | Note
-------+----------+-------------------------------------------
     0 | D:1      | MalarOregon the Halfling Hunter began the quest for the
                  | Orb.
     0 | D:1      | Reached XP level 1. HP: 14/14 MP: 1/1
    84 | D:1      | Reached XP level 2. HP: 19/19 MP: 2/2
   143 | D:1      | Reached skill level 1 in Armour
   166 | D:1      | Reached XP level 3. HP: 19/24 MP: 3/3
   827 | D:2      | Found a bloodstained altar of Trog.
   827 | D:2      | Found an iron altar of Okawaru.
   881 | D:2      | Reached XP level 4. HP: 13/29 MP: 4/4
  1819 | D:2      | Noticed Robin
  1864 | D:2      | Killed Robin
  1865 | D:2      | Reached skill level 1 in Shields
  2370 | D:2      | Reached XP level 5. HP: 35/35 MP: 5/5
  2960 | D:3      | Noticed Natasha
  2987 | D:3      | Killed Natasha
  2988 | D:3      | Reached skill level 1 in Long Blades
  2988 | D:3      | Reached XP level 6. HP: 35/41 MP: 6/6
  3154 | D:3      | Noticed Natasha
  3168 | D:3      | Killed Natasha
  3202 | D:3      | Noticed Natasha
  3204 | D:3      | Killed Natasha
  3308 | D:3      | Found a broken altar of Ashenzari.
  3405 | D:3      | HP: 2/41 [hound (6)]
  3566 | D:4      | Noticed Ijyb
  3569 | D:4      | Noticed an ogre
  3607 | D:4      | Reached skill level 2 in Long Blades
  3607 | D:4      | Reached XP level 7. HP: 22/46 MP: 7/7
  3666 | D:4      | Reached skill level 5 in Throwing
  3670 | D:4      | Killed Ijyb
  3692 | D:4      | Found a glowing drain.
  3714 | Sewer    | Entered a sewer
  4059 | Sewer    | Found a white marble altar of Elyvilon.
  4331 | D:4      | Reached skill level 3 in Long Blades
  4585 | D:4      | Reached XP level 8. HP: 51/52 MP: 8/8
  5103 | D:4      | Found a runed translucent door.
  5104 | D:4      | Noticed Crazy Yiuf
  5237 | D:5      | Entered Level 5 of the Dungeon
  5702 | D:5      | Reached skill level 4 in Long Blades
  5929 | D:5      | Found a shimmering blue altar of Sif Muna.
  6805 | D:5      | Found a staircase to the Ecumenical Temple.
  6842 | Temple   | Entered the Ecumenical Temple
  7041 | Temple   | Became a worshipper of Hepliaklqana the Forgotten
  7565 | D:6      | Found a sand-covered staircase.
  7572 | D:6      | Reached XP level 9. HP: 39/52 MP: 9/9
  7582 | Ossuary  | Entered an ossuary
  7607 | Ossuary  | Reached skill level 5 in Dodging
  7778 | Ossuary  | Reached skill level 5 in Long Blades
  7906 | D:6      | Reached * piety under Hepliaklqana
  7941 | D:6      | Noticed Maggie
  7969 | D:5      | Killed Maggie
  8183 | D:6      | Found a sparkling altar of Nemelex Xobeh.
  8561 | D:7      | Reached skill level 5 in Armour
  8666 | D:7      | Found a snail-covered altar of Cheibriados.
  8672 | D:7      | Reached skill level 6 in Long Blades
  9032 | D:7      | Reached skill level 5 in Shields
  9050 | D:7      | Reached XP level 10. HP: 58/58 MP: 10/10
  9112 | D:7      | Reached ** piety under Hepliaklqana
  9113 | D:7      | Remembered your ancestor Paullus as a battlemage
  9262 | D:7      | Found an ancient bone altar of Kikubaaqudgha.
  9340 | D:7      | Reached skill level 5 in Fighting
  9489 | D:8      | Found a flagged portal.
  9507 | Bailey   | Entered a bailey
  9747 | Bailey   | Noticed an orc knight
  9797 | Bailey   | Killed an orc knight
  9798 | Bailey   | Reached skill level 7 in Long Blades
 10115 | D:8      | Noticed a centaur warrior
 10118 | D:8      | Noticed an efreet
 10120 | D:8      | Noticed a centaur warrior
 10134 | D:8      | Killed a centaur warrior
 10145 | D:8      | Killed a centaur warrior
 10146 | D:8      | Reached skill level 8 in Long Blades
 10146 | D:8      | Reached XP level 11. HP: 23/64 MP: 11/11
 10157 | D:8      | Killed from afar by an efreet

Illustrated notes

Levels and vault maps discovered:
D:1:      lightli_arrival_flooded_house, layout_rooms
D:2:      layout_basic, chequers_temple_overflow_statue_of_worship, uniq_robin
D:3:      layout_rooms, lemuel_coloured_pillars_altar, serial_corexii_hall,
          chequers_hall_statues_y, corexii_hall_statues_i, uniq_natasha
D:4:      layout_loops_cross, portal_sewer_entry_b, uniq_crazy_yiuf_cottage,
          uniq_ijyb
D:5:      layout_basic, led_sif_pool, minmay_temple_entry_statues_fountains
D:6:      layout_rooms, nicolae_ossuary_entry_monument,
          hangedman_decor_slide_cut, nemelex_altar_shiori, uniq_maggie
D:7:      layout_cave_pools, lemuel_zombie_altar_kikubaaqudgha, slow_altar_1,
          serial_bayou, serial_bayou_lagoon_a, serial_bayou_pond_c,
          serial_bayou_pond_c, serial_bayou_pond_c
D:8:      hangedman_cross_veins, layout_cave_pods,
          lightli_bailey_entry_fortress, hangedman_abyss_or_decor_stagger,
          uniq_prince_ribbit1, uniq_erica
Temple:   regret_index_temple_sphere_string

Skill      XL: |  1  2  3  4  5  6  7  8  9 10 |
---------------+-------------------------------+-----
Fighting       | 2 3 4 6 |  6.0
Armour         | 1 2 3 4 5 6 |  6.8
Dodging        | 3 4 5 7 |  7.2
Shields        | 1 2 3 5 |  5.6
Long Blades    | 1 2 3 4 6 8 |  8.4
Throwing       | 5 6 7 |  7.6
Stealth        | |  1.1

Action                   |  1- 3 |  4- 6 |  7- 9 | 10-12 || total
-------------------------+-------+-------+-------+-------++-------
Melee: Long sword        |       |     9 |   395 |   267 ||   671
       Unarmed           |       |       |    22 |       ||    22
Throw: Boomerang         |    90 |   199 |   130 |    24 ||   443
       Stone             |       |    11 |     4 |       ||    15
       Throwing net      |       |     2 |       |       ||     2
Invok: Recall Ancestor   |       |       |       |     1 ||     1
       Ancestor Life: Ba |       |       |       |     1 ||     1
Evoke: Wand              |       |       |       |     5 ||     5
  Use: Potion            |       |     2 |     3 |     1 ||     6
       Scroll            |       |       |     8 |     9 ||    17
 Stab: Confused          |       |       |     2 |       ||     2
       Distracted        |       |       |     4 |       ||     4
       Sleeping          |       |       |     1 |     1 ||     2
       Paralysed         |       |       |       |    10 ||    10
Armor: Leather armour    |     5 |    20 |    30 |       ||    55
       Skin              |       |     1 |    91 |       ||    92
       Swamp dragon scal |       |       |    97 |   103 ||   200
Dodge: Dodged            |    24 |   108 |   347 |   230 ||   709
Block: Buckler           |     1 |    42 |   178 |   108 ||   329
       Rpst.: Long sword |       |    15 |   102 |    51 ||   168
